[Event "Late-Titled-Tuesday-Blitz-November-28-2023"]
[Site "Chess.com"]
[Date "2023.11.28"]
[Round "10"]
[White "tantaan"]
[Black "Alexei_Gubajdullin"]
[Result "0-1"]
[WhiteElo "2392"]
[BlackElo "2641"]
[TimeControl "180+1"]
[EndTime "15:52:32 PST"]
[Termination "Alexei_Gubajdullin won on time"]

1. e4 g6 2. d4 Bg7 3. Nc3 d6 4. Bg5 Nf6 5. e5 Nfd7 6. exd6 cxd6 7. Bc4 Nf6 8. Nf3 O-O 9. O-O Bg4 10. h3 Bxf3 11.
Qxf3 Nc6 12. Rad1 h6 13. Bf4 Qb6 14. d5 Ne5 15. Bxe5 dxe5 16. Bb3 Ne8 17. Ne4 Nd6 18. c4 Nxe4 19. Qxe4 f5 20. Qf3 e4 21. Qg3 Kh7 22. d6 e6 23. Qe3 Qxe3 24. fxe3 b6 25. Rf2 Rfd8 26. d7 h5 27. c5 bxc5 28. Bxe6 Bh6 29. Re2 Kg7 30. Kf2 Kf6 31. Bb3 Ke7 32. Red2 Rab8 33.
Rd6 Rb6 34. R6d5 c4 35. Bxc4 Rxb2+ 36. Kg1 Bxe3+ 37. Kh1 Rc2 38. Re5+ Kf8 39. Bb5 Bb6 40.
Re8+ Kg7 41. Ba4 Rxa2 42. Bb3 Rb2 43. Re7+ Kf6 44. Re6+ Kg5 45. Ba4 h4 46. Rc1 Rd2 47.
Rcc6 R8xd7 48. Rxg6+ Kf4 49. Rc1 R7d4 50. Rf1+ Ke3 51.
Bc6 Rf2 52. Re1+ Kd2 53. Rb1 Rb4 54. Rg1 Re2 55. Ra1 Bd4 56. Rd6 Re1+ 57. Rxe1 Kxe1 58. Rf6 Bxf6 0-1

[Event "Late-Titled-Tuesday-Blitz-November-28-2023"]
[Site "Chess.com"]
[Date "2023.11.28"]
[Round "10"]
[White "DraningWaterHi"]
[Black "szefru"]
[Result "1-0"]
[WhiteElo "2195"]
[BlackElo "2318"]
[TimeControl "180+1"]
[EndTime "15:52:33 PST"]
[Termination "DraningWaterHi won on time"]

1. d4 Nf6 2. c4 g6 3. g3 Bg7 4. Bg2 c6 5. Nf3 d5 6. O-O O-O 7. Ne5 Ng4 8. cxd5 cxd5 9. Nxg4 Bxg4 10. Nc3 Nc6 11. Nxd5 Nxd4 12. Re1 e6 13. Ne3 Nxe2+ 14. Qxe2 Bxe2 15. Rxe2 Rc8 16. Bxb7 Rc7 17. Bg2 Qd3 18. Re1 Bd4 19. Ng4 h5 20. Ne3 Bxe3 21. Bxe3 Rc2 22. b3 Rfc8 23. Bxa7 Qa6 24. Be3 Rxa2 25. Rxa2 Qxa2 26.
b4 Qb3 27. Bc5 Rd8 28. Rf1 h4 29. Bc6 Qc4 30. Bg2 hxg3 31. hxg3 Rd2 32. Rb1 Qb5 33.
Bf1 Qc6 34. Be3 Rd5 35. b5 Qc2 36. Rc1 Qb2 37. Rc5 Rd1 38. Kg2 Qb1 39. Be2 Rg1+ 40. Kf3 Qb4 41. Rc4 Qb1 42. Rc5 Kh7 43. b6 f5 44. Kf4 Qe4+ 45. Kg5 Rh1 46. Rc7+ Kg8 47.
b7 Qb4 48. Rc8+ Kf7 49. b8=Q Qe7+ 50. Kf4 g5+ 51. Kf3 g4+ 52. Kg2 1-0

[Event "Late-Titled-Tuesday-Blitz-November-28-2023"]
[Site "Chess.com"]
[Date "2023.11.28"]
[Round "10"]
[White "jcibarra"]
[Black "TigrVShlyape"]
[Result "1/2-1/2"]
[WhiteElo "2889"]
[BlackElo "2962"]
[TimeControl "180+1"]
[EndTime "15:52:37 PST"]
[Termination "Game drawn by repetition"]

1. e4 c5 2. Nf3 e6 3. d4 cxd4 4. Nxd4 a6 5. c4 Nf6 6. Nc3 d6 7. Be3 b6 8. Be2 Bb7 9. f3 Nbd7 10. O-O Be7 11. Qd2 Rc8 12. Rfc1 h6 13. a4 O-O 14.
a5 bxa5 15. Nb3 Rb8 16. Ba7 Ra8 17. Bd4 Rb8 18. Nxa5 Ba8 19. Ba7 Rc8 20. b4 d5 21.
cxd5 Bxb4 22. dxe6 fxe6 23. Nc4 Ne5 24. Qxd8 Rfxd8 25. Nxe5 Bxc3 26. Bxa6 Bxa1 27. Rxa1 Rc2 28. Bd3 Rb2 29. Bc4 Re8 30. Bd4 Rd2 31. Be3 Rdd8 32. Ra6 Bb7 33. Rb6 Bc8 34. h4 Kh7 35. g4 Nd7 36. Nxd7 Rxd7 37. Kf2 Rc7 38. Bb3 Rb7 39.
Rxb7 Bxb7 40. e5 Bc6 41. f4 Bd7 42. Kf3 Ra8 43. Bc2+ Kg8 44. f5 Ra3 45. Be4 Kf7 46.
Kf4 Ra4 47. Kf3 h5 48. fxe6+ Bxe6 49. gxh5 Ra5 50. Bg6+ Kg8 51. Bf4 Ra3+ 52. Kf2 Ra4 53. Kg3 Ra3+ 54. Kf2 Ra4 55. Kg3 Ra3+ 56. Kf2 1/2-1/2

[Event "Late-Titled-Tuesday-Blitz-November-28-2023"]
[Site "Chess.com"]
[Date "2023.11.28"]
[Round "10"]
[White "Goffredo_Fofi"]
[Black "Dr_crypt"]
[Result "0-1"]
[WhiteElo "2504"]
[BlackElo "2414"]
[TimeControl "180+1"]
[EndTime "15:52:37 PST"]
[Termination "Dr_crypt won on time"]

1. e4 d5 2. exd5 Qxd5 3. Nc3 Qd6 4. d4 c6 5. g3 Bf5 6. Nge2 e6 7. Bf4 Qd8 8. Bg2 Nf6 9. O-O Nbd7 10. h3 Nd5 11. Nxd5 cxd5 12. c3 Rc8 13. Nc1 Nb6 14. Re1 Bd6 15. Bxd6 Qxd6 16. Nd3 Bxd3 17. Qxd3 O-O 18.
Re2 Nc4 19. Rae1 b5 20. b3 Nb6 21. Rc2 Qd7 22. Bf1 a6 23. Rec1 Rc6 24. Qd2 Rfc8 25.
Bd3 g6 26. h4 h5 27. Qg5 Qd8 28. Qd2 Kg7 29. Kg2 R8c7 30. Qe3 Nc8 31. Be2 Nd6 32. Bf3 Qf6 33. Qd3 Rc8 34. Qe3 R6c7 35. Qd3 a5 36. a3 b4 37. axb4 axb4 38. c4 Nf5 39. Rd1 dxc4 40. bxc4 b3 41. Rc3 b2 42. Be4 Nxd4 43.
Qxd4 Qxd4 44. Rxd4 e5 45. Rd1 Rxc4 46. Rxc4 Rxc4 47.
Kf3 f5 48. Bb1 Rc1 49. Ke2 Kf6 50. Kd2 Rc7 51. Bc2 g5 52. hxg5+ Kxg5 53. Rb1 Rb7 54.
Kc3 f4 55. gxf4+ Kxf4 56. Bd1 h4 57. Rxb2 Rxb2 58. Kxb2 h3 59. Ba4 h2 60. Bc6 e4 61.
f3 exf3 0-1

[Event "Late-Titled-Tuesday-Blitz-November-28-2023"]
[Site "Chess.com"]
[Date "2023.11.28"]
[Round "10"]
[White "rasmussvane"]
[Black "Hrant_ChessMood"]
[Result "1-0"]
[WhiteElo "2962"]
[BlackElo "2921"]
[TimeControl "180+1"]
[EndTime "15:52:42 PST"]
[Termination "rasmussvane won on time"]

1. Nf3 c5 2. g3 Nc6 3. c4 g6 4.
Bg2 Bg7 5. O-O Nf6 6. d4 cxd4 7. Nxd4 O-O 8. Nc3 d6 9. b3 Bd7 10. Bb2 Qa5 11. Rc1 Rfc8 12. e3 Rab8 13. Qe2 a6 14. Rfd1 Bg4 15. Bf3 Qh5 16. Bxg4 Nxg4 17. f3 Nf6 18.
Kg2 Qa5 19. Ba1 Qd8 20. e4 Nxd4 21. Rxd4 b5 22. cxb5 axb5 23. Rdd1 Qa5 24. Nd5 Nxd5 25. exd5 Bxa1 26. Rxa1 Rc7 27. Rac1 Rbc8 28. Rxc7 Rxc7 29. Rd4 b4 30. h4 Ra7 31. Kh3 Qxa2 32. Qxa2 Rxa2 33. Rxb4 Rd2 34. Rb7 Kf8 35. Rb5 h5 36. g4 hxg4+ 37. fxg4 Rd3+ 38. Kg2 Kg7 39. g5 f6 40. gxf6+ Kxf6 41. Kh2 Kf5 42. Rb7 Re3 43. Kg2 Kf4 44. Kf2 Re4 45. b4 Kf5 46. b5 Kf6 47. b6 Re5 48. Rb8 Rf5+ 49. Kg3 Rxd5 50. b7 Rd3+ 51. Kf2 Rb3 52. Rf8+ 1-0

[Event "Late-Titled-Tuesday-Blitz-November-28-2023"]
[Site "Chess.com"]
[Date "2023.11.28"]
[Round "10"]
[White "vladgoncharov"]
[Black "1800_strength"]
[Result "1-0"]
[WhiteElo "2646"]
[BlackElo "2787"]
[TimeControl "180+1"]
[EndTime "15:52:49 PST"]
[Termination "vladgoncharov won by resignation"]

1. d4 Nf6 2. c4 c5 3. d5 e6 4. Nc3 exd5 5. cxd5 d6 6. Bf4 g6 7. e3 Bg7 8. h3 Kf8 9. Nf3 h6 10. Be2 a6 11. a4 Qe7 12. Nd2 Nbd7 13. Nc4 Ne8 14.
a5 Rb8 15. Bh2 Ne5 16. Nb6 Nd7 17. Nxc8 Rxc8 18. Qb3 Ne5 19. O-O c4 20. Qc2 g5 21.
Rae1 Ng6 22. Qa4 Be5 23. Bxe5 Nxe5 24. f4 Nd3 25. Bxd3 cxd3 26. Qd4 Rg8 27. Qxd3 gxf4 28. exf4 Qh4 29. Qf5 Rc7 30. Re3 Rg6 31. Rfe1 Ng7 32.
Qe4 Qf6 33. g4 Nf5 34. R3e2 Ng3 35. Qe8+ Kg7 36. Rf2 h5 37. g5 Qf5 38. Kg2 h4 39.
Qe3 Nh5 40. Qd4+ Kh7 41. Re8 Rg7 42. Ne4 Nxf4+ 43. Rxf4 Rc2+ 44. Rf2 Rxg5+ 45. Nxg5+ Qxg5+ 46. Kf1 Rc1+ 47. Re1 Rc7 48. Qe4+ Kg8 49. Qg4 Qxg4 50. hxg4 Rc5 51. Rf5 Rxa5 52. g5 Kg7 53. Re7 Kg6 54. Rexf7 Rb5 55. R7f6+ Kg7 56. g6 Rxb2 57. Rxd6 h3 58. Kg1 Rg2+ 59. Kh1 Rxg6 60. Rxg6+ Kxg6 61. Rf8 Kg7 62. Rb8 Kf6 63. Rxb7 Ke5 64. Rb6 a5 65. Ra6 a4 66. Rxa4 Kxd5 1-0

[Event "Late-Titled-Tuesday-Blitz-November-28-2023"]
[Site "Chess.com"]
[Date "2023.11.28"]
[Round "10"]
[White "liwadas82"]
[Black "GoValya"]
[Result "1/2-1/2"]
[WhiteElo "2366"]
[BlackElo "2222"]
[TimeControl "180+1"]
[EndTime "15:52:53 PST"]
[Termination "Game drawn - insufficient material"]

1. e4 e6 2. d4 d5 3. Nd2 c5 4.
Ngf3 Nf6 5. e5 Nfd7 6. c3 Nc6 7. Bd3 cxd4 8. cxd4 Be7 9. O-O O-O 10. Re1 f5 11.
exf6 Nxf6 12. Nf1 Bd6 13. Ng3 Qc7 14. a3 a6 15. b4 e5 16. dxe5 Nxe5 17. Nxe5 Bxe5 18.
Ra2 Bg4 19. Qb3 Kh8 20. Bb2 Rae8 21. Bxe5 Rxe5 22. Raa1 Rfe8 23. Rec1 Qb6 24. h3 Bd7 25. Qb2 Ne4 26. Bxe4 dxe4 27. Qd2 Bb5 28. Qe3 Qxe3 29. fxe3 Rg5 30. Kh2 h5 31. Rc5 Rxc5 32. bxc5 h4 33. Nf5 Re5 34. Nxh4 Rxc5 35. Ng6+ Kh7 36. Nf4 Rc3 37. a4 Bd3 38. Nd5 Rb3 39. Rc1 b5 40.
axb5 axb5 41. Rc7 Kg6 42. Nf4+ Kf6 43. Nh5+ Ke6 44. Nxg7+ Kd6 45. Rb7 Rb2 46. Nf5+ Ke5 47. Nd4 Bf1 48. Kg1 Bxg2 49. h4 b4 50. Rxb4 Rxb4 51. Nc6+ Kf5 52. Nxb4 Bf3 53. Kh2 Kg4 54. Nc6 Kxh4 55. Nd4 Kg4 56. Kg1 Kg3 57. Kf1 Bg2+ 58. Ke2 Bf3+ 59. Nxf3 exf3+ 60. Kf1 f2 61. e4 Kf4 62.
Kxf2 Kxe4 1/2-1/2

[Event "Late-Titled-Tuesday-Blitz-November-28-2023"]
[Site "Chess.com"]
[Date "2023.11.28"]
[Round "10"]
[White "Rakitic2010"]
[Black "Tomytoteph"]
[Result "0-1"]
[WhiteElo "2489"]
[BlackElo "2618"]
[TimeControl "180+1"]
[EndTime "15:52:55 PST"]
[Termination "Tomytoteph won on time"]

1. e4 c5 2. Nf3 g6 3. d4 cxd4 4. Nxd4 Bg7 5. c4 Nc6 6. Be3 Nf6 7. Nc3 O-O 8. Be2 d6 9. f3 Nxd4 10. Bxd4 Be6 11. O-O Qa5 12. Qd2 Rfc8 13. b3 a6 14. Rfd1 Nd7 15. Nd5 Qd8 16. Bxg7 Kxg7 17. Qd4+ f6 18.
f4 Rab8 19. g4 b5 20. g5 bxc4 21. Bxc4 Bxd5 22. Qxd5 Qf8 23. Rf1 Nb6 24. Qe6 Nxc4 25. bxc4 Rc5 26. e5 dxe5 27. fxe5 Rxe5 28. Qxe5 fxe5 29.
Rxf8 Kxf8 30. Re1 Rb4 31. c5 e4 32. Rc1 Ke8 33. Kf2 Kd7 34. Ke3 Kc6 35. Rc2 e5 36. h4 a5 37. Rd2 Ra4 38. Rd6+ Kxc5 39. Rd7 Rxa2 40. Rxh7 Rh2 41. Rh6 Kd5 42. Rxg6 Rh3+ 43.
Ke2 Rxh4 44. Ra6 Kd4 45. Rxa5 Rh2+ 46. Ke1 Ke3 47. Ra3+ Kf4 48. g6 Rg2 49. Ra6 Kf3 50. Rf6+ Ke3 51. Kf1 Rg4 52. Ra6 Rg5 53. Rb6 Kd3 54.
Rd6+ Kc4 55. Rc6+ Kd5 56. Ra6 e3 57. Ke2 Ke4 58. Ra4+ Kf5 59. Kxe3 Rg3+ 60. Kf2 Rxg6 61.
Kf3 Rb6 62. Ra3 Rb4 63. Ke3 Re4+ 64. Kf3 Rh4 65. Kf2 Rh2+ 66. Kf1 Rb2 67. Ke1 Kf4 68. Kf1 Rc2 69. Ke1 Ke4 70. Kd1 Rh2 71. Ke1 Rh8 72.
Ra4+ Kf3 73. Ra3+ Kf4 74. Ra4+ Kf5 75. Rb4 Rc8 76. Ke2 Rc3 77. Kd2 Ra3 78. Ke2 Ra2+ 79. Ke3 Rh2 80. Ra4 Rg2 81. Kf3 Rc2 82. Ke3 Rc3+ 83.
Ke2 Rh3 84. Kf2 e4 85. Ke2 Kf4 86. Ra8 Rh2+ 87. Ke1 Kf3 0-1

[Event "Late-Titled-Tuesday-Blitz-November-28-2023"]
[Site "Chess.com"]
[Date "2023.11.28"]
[Round "10"]
[White "SanchezKelvin"]
[Black "mind1mover"]
[Result "0-1"]
[WhiteElo "2532"]
[BlackElo "2750"]
[TimeControl "180+1"]
[EndTime "15:52:55 PST"]
[Termination "mind1mover won on time"]

1. e4 Nf6 2. e5 Nd5 3. c4 Nb6 4. d4 d6 5. f4 dxe5 6. fxe5 Nc6 7. Be3 Bf5 8. Nc3 e6 9. Nf3 Bb4 10. Be2 O-O 11. O-O Na5 12. Nd2 c5 13. dxc5 Nd7 14. a3 Bxc3 15. bxc3 Nxe5 16. Bd4 Nac6 17. Nf3 Ng6 18.
h3 Qc7 19. Qe1 Nf4 20. Nh4 Be4 21. Qf2 e5 22. Be3 Nxe2+ 23. Qxe2 Rad8 24. Rfd1 Rxd1+ 25. Rxd1 Rd8 26. Bf2 Rxd1+ 27. Qxd1 Qd8 28. Qb3 Qd7 29. Nf3 f6 30. Ne1 h6 31. Qb5 Kh7 32. a4 h5 33.
Qb2 Nd8 34. Qb5 Bc6 35. Qa5 a6 36. Nc2 Ne6 37. Ne3 g6 38. Qb6 Nf4 39. Bg3 Ne2+ 40. Kh2 Nxg3 41. Kxg3 Kh6 42. a5 f5 43. Kh2 f4 44. Nc2 e4 45. Nd4 e3 46. Kg1 g5 47.
Kf1 g4 48. hxg4 hxg4 49. Ke2 Kg5 50. Qb1 Kh6 51. Qf5 Qxf5 52. Nxf5+ Kg5 53. Nd6 Bxg2 54. Nf7+ Kh4 55. c6 Bxc6 56. Ne5 Kg3 57. c5 f3+ 58. Kxe3 f2 0-1

[Event "Late-Titled-Tuesday-Blitz-November-28-2023"]
[Site "Chess.com"]
[Date "2023.11.28"]
[Round "10"]
[White "TreinadorBR"]
[Black "C_K_G"]
[Result "1/2-1/2"]
[WhiteElo "2345"]
[BlackElo "2185"]
[TimeControl "180+1"]
[EndTime "15:52:55 PST"]
[Termination "Game drawn by repetition"]

1. e4 c5 2. Nf3 d6 3. d4 cxd4 4. Nxd4 Nf6 5. Nc3 a6 6. Bg5 e6 7. Qd2 Be7 8. f3 O-O 9. Be3 Nbd7 10. O-O-O Qc7 11. Kb1 b5 12. g4 Rb8 13. g5 Nh5 14. Nce2 Nb6 15. Ng3 Nc4 16. Bxc4 bxc4 17. c3 g6 18.
Nxh5 gxh5 19. f4 d5 20. e5 Ba3 21. Nb3 cxb3 22. bxa3 bxa2+ 23. Ka1 Rb3 24. Kxa2 Qc4 25.
Qd4 Rxc3+ 26. Qxc4 Rxc4 27. Rc1 Re4 28. Bc5 Rd8 29.
Be7 Re8 30. Bf6 Bd7 31. Rc7 Bb5 32. Rhc1 Bc4+ 33. Kb2 Rxf4 34. Rb7 Rf2+ 35. Rc2 Rxc2+ 36. Kxc2 Rf8 37. Be7 Re8 38. Bf6 h4 39. Kc3 h3 40.
Kd4 Rc8 41. Ke3 Bb5 42. Kf4 Bd3 43. Ra7 Bg6 44. Rxa6 Rc4+ 45. Ke3 Rc3+ 46. Kd4 Rc4+ 47. Ke3 h6 48. gxh6 Kh7 49. Bg7 Bh5 50. Ra8 Kg6 51. Rg8 Kh7 52. Ra8 Kg6 53. a4 Rc2 54. a5 Rxh2 55.
Bf6 Ra2 56. h7 Kxh7 57. Kf4 h2 58. Rh8+ Kg6 59. Rg8+ Kh6 60. Rh8+ Kg6 61. Rg8+ Kh7 62. Rh8+ Kg6 1/2-1/2

[Event "Late-Titled-Tuesday-Blitz-November-28-2023"]
[Site "Chess.com"]
[Date "2023.11.28"]
[Round "10"]
[White "joppie2"]
[Black "Zhigalko_Sergei"]
[Result "1-0"]
[WhiteElo "3008"]
[BlackElo "2902"]
[TimeControl "180+1"]
[EndTime "15:52:57 PST"]
[Termination "joppie2 won on time"]

1. d4 Nf6 2. c4 e6 3. Nf3 b6 4. g3 Ba6 5. Nbd2 Bb4 6. Qc2 Bb7 7. Bg2 Be4 8. Qb3 Bxd2+ 9. Bxd2 d6 10.
O-O Nbd7 11. Rfd1 O-O 12. Bc3 a5 13. Bf1 Re8 14. Nd2 Bb7 15. Qc2 c5 16. b3 Qc7 17.
Qb2 cxd4 18. Bxd4 e5 19. Bc3 Nc5 20. Rac1 h5 21. Nf3 Nfe4 22. Be1 Qe7 23. Qc2 Rad8 24. a3 Ng5 25. Nxg5 Qxg5 26. b4 axb4 27. axb4 Ne6 28.
Bd2 Qe7 29. Be3 Qc7 30. Bh3 Qc6 31. f3 b5 32. Bf5 bxc4 33. Qxc4 Qxc4 34. Rxc4 d5 35.
Rcc1 d4 36. Bd2 Ba6 37. Kf2 g6 38. Be4 Bb5 39. Bc6 Bxc6 40. Rxc6 d3 41. Be3 Nd4 42. Bxd4 dxe2 43. Re1 Rxd4 44. Rb6 e4 45. Rxe2 e3+ 46.
Rxe3 Rd2+ 47. Ke1 Rxe3+ 48. Kxd2 Rxf3 49. b5 Rf2+ 50. Kc3 Rxh2 51. Rd6 Rh3 52. b6 Rxg3+ 53.
Rd3 Rg5 54. b7 Rb5 55. Rd8+ Kg7 56. b8=Q Rxb8 57. Rxb8 Kf6 58. Kd4 Kg5 59. Ke4 Kg4 60. Ke3 f5 61. Kf2 f4 62. Rg8 g5 63. Rg7 h4 64. Rg8 1-0

[Event "Late-Titled-Tuesday-Blitz-November-28-2023"]
[Site "Chess.com"]
[Date "2023.11.28"]
[Round "10"]
[White "FuenfgegenWilly"]
[Black "SergioMoralesG"]
[Result "1-0"]
[WhiteElo "2485"]
[BlackElo "2363"]
[TimeControl "180+1"]
[EndTime "15:53:01 PST"]
[Termination "FuenfgegenWilly won by checkmate"]

1. e4 c5 2. Nc3 Nc6 3. f4 g6 4.
Nf3 Bg7 5. Bb5 Nd4 6. O-O a6 7. Bd3 d6 8. Nxd4 Bxd4+ 9. Kh1 e6 10. Ne2 Bg7 11. c3 Ne7 12. Bc2 O-O 13. Ng3 f5 14. d3 b5 15. Qe2 Qc7 16. Bd2 Nc6 17. Rae1 Bd7 18. Bb3 Rae8 19. exf5 gxf5 20. Nh5 Bh6 21. Rf3 Na5 22. Rg3+ Kh8 23. c4 Nxb3 24. axb3 Bc6 25. Bc3+ e5 26. fxe5 dxe5 27. Bxe5+ Rxe5 28. Qxe5+ Qxe5 29. Rxe5 f4 30. Rh3 bxc4 31. bxc4 Rb8 32. Re2 Bd7 33.
Rf3 Bg4 34. Nf6 Bxf3 35. gxf3 Bg7 36. Nd7 Rg8 37. Ne5 Rb8 38. Nd7 Rg8 39. h4 Bd4 40. Kh2 Rd8 41. Re7 Kg8 42. Kh3 h5 43. Nb6 Bxb2 44.
Nd5 Bd4 45. Ra7 Rd6 46. Nxf4 Kf8 47. Nxh5 Ke8 48. Kg4 Be5 49. f4 Bc3 50. Ng7+ Kd8 51. Nf5 Rxd3 52. Rxa6 Rd1 53. Rd6+ Rxd6 54. Nxd6 Ke7 55.
Ne4 Bd4 56. Kf5 Kf7 57. h5 Kg7 58. Kg5 Kh7 59. Nf6+ Kg7 60. Ng4 Kh7 61. Ne5 Kg7 62.
Ng4 Kh7 63. f5 Kg7 64. f6+ Kh7 65. Kf5 Kg8 66. Kg6 Kf8 67. h6 Kg8 68. h7+ Kh8 69. Nh6 Bxf6 70. Nf7# 1-0

[Event "Late-Titled-Tuesday-Blitz-November-28-2023"]
[Site "Chess.com"]
[Date "2023.11.28"]
[Round "10"]
[White "KNVB"]
[Black "Hypercar"]
[Result "1-0"]
[WhiteElo "2670"]
[BlackElo "2528"]
[TimeControl "180+1"]
[EndTime "15:53:04 PST"]
[Termination "KNVB won by checkmate"]

1. e4 c5 2. h4 Nc6 3. d3 d6 4. h5 Nf6 5. h6 g6 6. Nf3 Bg4 7. Be2 Bxf3 8. Bxf3 Qd7 9. c3 O-O-O 10. g4 e6 11. g5 Ne8 12. Bg4 Kb8 13. f4 Nc7 14.
Nd2 Be7 15. Nf3 d5 16. e5 d4 17. c4 a6 18. O-O Nb4 19. a3 Nc6 20. Bh3 a5 21.
Bg2 Na6 22. Bd2 Kc7 23. Be1 Ra8 24. Nd2 Rhc8 25. Ne4 b6 26. Bg3 Kd8 27. Kh2 Ke8 28. Bf3 Kf8 29. Qc2 Nc7 30. Bd1 Ne8 31. Qg2 Ra7 32.
Ba4 Qd8 33. Nxc5 bxc5 34. Bxc6 Qb6 35. Ba4 Rb8 36. Rf2 Nc7 37. Rc2 Qa6 38. Be1 Rab7 39.
Qd2 Bd8 40. Rb1 Na8 41. b3 Qb6 42. Rcb2 Nc7 43. b4 axb4 44. axb4 cxb4 45. Rxb4 Qa7 46. Bf2 Be7 47. Rxb7 Rxb7 48. Rxb7 Qxb7 49. Bd1 Bc5 50. Kg3 Na6 51. Bf3 Qb6 52. Qa2 Ke7 53. Qa4 Nc7 54. Qa2 Na6 55. Kg2 Nc7 56. Be4 Na6 57. Qa4 Nc7 58.
Kf3 Na6 59. Bc6 Nc7 60. Kg3 Na6 61.
Be4 Nc7 62. Be1 Na6 63. Bd2 Nc7 64. Ba5 Qb8 65. Qc6 Qb1 66. Qxc7+ Ke8 67. Bc6+ Kf8 68.
Qd8# 1-0

[Event "Late-Titled-Tuesday-Blitz-November-28-2023"]
[Site "Chess.com"]
[Date "2023.11.28"]
[Round "10"]
[White "WPWPWP-2015"]
[Black "TanitoluwaAps116"]
[Result "1-0"]
[WhiteElo "2547"]
[BlackElo "2668"]
[TimeControl "180+1"]
[EndTime "15:53:05 PST"]
[Termination "WPWPWP-2015 won by resignation"]

1. e4 c5 2. Nf3 Nc6 3. d4 cxd4 4. Nxd4 e6 5. Be2 Qc7 6. O-O a6 7. Be3 Nf6 8. Nd2 h5 9. Nxc6 bxc6 10. Nc4 d5 11.
Nb6 Ng4 12. Bxg4 hxg4 13. g3 Rb8 14. Nxc8 Qxc8 15. e5 Rb4 16. c3 Re4 17. Bf4 Be7 18. Qd2 O-O 19. Rae1 Rxe1 20. Rxe1 f5 21. exf6 gxf6 22.
Qd3 Rf7 23. Bh6 f5 24. Qe3 Rf6 25. Bg5 Rf7 26. Bf4 Rf6 27. Be5 Rg6 28. Qa7 Kf7 29. Bd6 Qd8 30. Bc5 Kf6 31. Bd4+ Kf7 32. Qxa6 c5 33.
Be5 Rh6 34. Bf4 Rg6 35. Qb7 d4 36. cxd4 cxd4 37. Be5 Kf8 38. Rd1 d3 39. Qb5 Qa8 40. a4 Qe4 41. Bf4 Bf6 42. Qxd3 Bxb2 43. Qxe4 fxe4 44.
Re1 Ke7 45. Rxe4 Rg8 46. a5 Ra8 47. Bc7 Bc3 48. Rxg4 Ra7 49. Bb6 Ra6 50. Rc4 Bxa5 51. Bxa5 Rxa5 52. Kg2 Kf6 53. h4 Ra2 54. Rc3 e5 55. Kf3 Kf5 56. Re3 Ra4 57. Rb3 Rg4 58. Rb8 e4+ 59. Kg2 Rg7 60. Rf8+ Ke5 61. Re8+ Kf5 62.
Rf8+ Ke5 63. Rh8 Ra7 64. h5 Kf6 65. Rg8 Ra2 66. Rf8+ Ke5 67. h6 Ra6 68. h7 Rh6 69.
h8=Q+ Rxh8 70. Rxh8 1-0

[Event "Late-Titled-Tuesday-Blitz-November-28-2023"]
[Site "Chess.com"]
[Date "2023.11.28"]
[Round "10"]
[White "K_A_S_T_O_R"]
[Black "Aradhya2000"]
[Result "1-0"]
[WhiteElo "2902"]
[BlackElo "2735"]
[TimeControl "180+1"]
[EndTime "15:53:07 PST"]
[Termination "K_A_S_T_O_R won by resignation"]

1. e4 e5 2. Nf3 Nc6 3. Bb5 a6 4. Ba4 Nf6 5. O-O b5 6. Bb3 Bc5 7. d3 d6 8. Be3 Bxe3 9. fxe3 O-O 10. Nc3 Na5 11. Qe1 c6 12. h3 Nxb3 13. axb3 Be6 14. Kh2 a5 15. g4 Nd7 16. Ne2 f6 17. Ng3 d5 18. Nh4 Nc5 19. exd5 cxd5 20. b4 axb4 21. Qxb4 Qc7 22. Nhf5 g6 23. Nh4 Kg7 24. Qd2 Na4 25. Rab1 Rac8 26. Rfc1 Nc5 27. Nf3 e4 28. Nd4 Bd7 29.
b3 f5 30. gxf5 Bxf5 31. Kg2 Bd7 32. b4 Na4 33. dxe4 Nc3 34. Qe1 Nxb1 35. Rxb1 Qe5 36. Ra1 dxe4 37. Ra7 Rf7 38. Qa1 Kg8 39. Ra8 Rxa8 40.
Qxa8+ Rf8 41. Qxe4 Qxe4+ 42. Nxe4 Kg7 43. Nc5 Rf7 44. Kg3 Be8 45. e4 Kf6 46. Kf4 g5+ 47. Ke3 h5 48. Nd3 g4 49. hxg4 hxg4 50. Kf4 Bd7 51. Ne5 Rg7 52. Nxd7+ Rxd7 53. e5+ Ke7 54. c3 Rd5 55. Kxg4 Rxe5 56. Nc6+ Kf6 57. Nxe5 Kxe5 58.
Kf3 Kd5 59. Ke3 Kc4 60. Kd2 Kd5 61. Kd3 Ke5 62. c4 bxc4+ 63. Kxc4 Kd6 64. Kb5 Kc7 65. Ka6 Kb8 66. Kb6 Kc8 67. Ka7 1-0

[Event "Late-Titled-Tuesday-Blitz-November-28-2023"]
[Site "Chess.com"]
[Date "2023.11.28"]
[Round "10"]
[White "LUISMIGUELOV"]
[Black "emeli_chess"]
[Result "0-1"]
[WhiteElo "2210"]
[BlackElo "2367"]
[TimeControl "180+1"]
[EndTime "15:53:08 PST"]
[Termination "emeli_chess won on time"]

1. d4 Nf6 2. c3 d5 3. Bg5 Ne4 4.
h4 h6 5. Bf4 Bf5 6. Nd2 Nxd2 7.
Qxd2 e6 8. Nf3 Bd6 9. Ne5 Nd7 10. g3 Bxe5 11. Bxe5 Nxe5 12. dxe5 O-O 13. f4 Be4 14. Rh2 c5 15. Bg2 Bxg2 16. Rxg2 d4 17. O-O-O dxc3 18. Qxc3 Qc7 19. e3 Rfd8 20. Rgd2 Rxd2 21.
Qxd2 Rc8 22. g4 c4 23. g5 hxg5 24. hxg5 c3 25. bxc3 Qxc3+ 26. Qxc3 Rxc3+ 27. Kd2 Ra3 28. Ra1 g6 29. Ke2 Kf8 30. Kf3 Ke7 31. Rb1 b6 32. Rb2 Kd7 33. Rc2 b5 34. Ke4 a5 35. Kd4 b4 36. e4 b3 37. axb3 Rxb3 38. Rc5 Rf3 39. f5 exf5 40. exf5 Rxf5 41. Rxa5 Ke6 42. Ra6+ Ke7 43. Ra7+ Kf8 44. Ke4 Rxg5 45. Ra8+ Kg7 46. Ra7 Rg1 47. Kf4 Rf1+ 48. Ke4 g5 49. Kd5 Re1 50. Ra4 Kg6 51. Ra8 Kg7 52. Ra6 Rf1 53. Ra7 Kg6 54. Ra6+ Kh5 55. Ra8 g4 56. Rh8+ Kg5 57.
e6 fxe6+ 58. Kxe6 g3 59. Ke5 Kg4 60. Ke4 Re1+ 61. Kd3 Re7 62. Rg8+ Kf3 63. Rf8+ Kg2 64. Rf7 Rxf7 0-1

[Event "Late-Titled-Tuesday-Blitz-November-28-2023"]
[Site "Chess.com"]
[Date "2023.11.28"]
[Round "10"]
[White "Byniolus"]
[Black "Angry_Twin"]
[Result "0-1"]
[WhiteElo "2780"]
[BlackElo "2959"]
[TimeControl "180+1"]
[EndTime "15:53:09 PST"]
[Termination "Angry_Twin won by resignation"]

1. d4 Nf6 2. Nf3 d5 3. Bf4 c5 4. c3 Nc6 5. Nbd2 Qb6 6. Qb3 g6 7. e3 c4 8. Qxb6 axb6 9. a3 b5 10. Rc1 Bg7 11. h3 Nd7 12. Bc7 f5 13. g4 O-O 14.
gxf5 Rxf5 15. Bg2 e6 16. O-O Nf6 17. Rfe1 Bh6 18. Nh4 Rh5 19. Bg3 g5 20. Nhf3 g4 21. hxg4 Nxg4 22. e4 Bd7 23. Rcd1 Nf6 24. Ne5 Be8 25.
exd5 exd5 26. Nf1 Bf7 27. Ne3 Bxe3 28. Rxe3 Re8 29. Rde1 Ne4 30. Bxe4 dxe4 31. Rxe4 Nxe5 32. Rxe5 Rhxe5 33. dxe5 Be6 34. Rd1 Kf7 35. f4 Kg6 36. Kf2 Kf5 37. Rh1 Rd8 38. Rxh7 Ke4 39. Rh6 Bg4 40.
e6 Re8 41. Bh4 Bxe6 42. Kg3 Kd3 43. Bg5 Kc2 44. Rh2+ Kb3 45. Re2 Bf7 46. Rd2 Bg6 47. Kg4 Bc2 48. f5 Re1 49. f6 Rg1+ 50. Kf4 Rf1+ 51.
Ke3 Rf5 52. Rf2 Rxf2 53. Kxf2 Bg6 54. Bf4 Kxb2 55. Be5 Kxa3 56. Ke3 Kb3 57. Kd4 b4 58. cxb4 c3 59. Ke3 Kxb4 60. Ke2 Kb3 61. Kd1 b5 62. Kc1 b4 63. Bd6 Kc4 64. Be5 b3 65. Kd1 b2 0-1

[Event "Late-Titled-Tuesday-Blitz-November-28-2023"]
[Site "Chess.com"]
[Date "2023.11.28"]
[Round "10"]
[White "Chessbard1972"]
[Black "reevecanada"]
[Result "1/2-1/2"]
[WhiteElo "2398"]
[BlackElo "2611"]
[TimeControl "180+1"]
[EndTime "15:53:11 PST"]
[Termination "Game drawn by repetition"]

1. e4 c5 2. Nf3 d6 3. Bb5+ Bd7 4. Bxd7+ Qxd7 5. c4 Nf6 6. Nc3 Nc6 7. d4 cxd4 8. Nxd4 g6 9. O-O Bg7 10. Nde2 O-O 11. f3 Ne5 12. b3 Rac8 13. Be3 a6 14.
Qd2 b5 15. cxb5 axb5 16. Rac1 b4 17. Nd5 Nxd5 18. Qxd5 e6 19. Qd2 Qb5 20. Nd4 Qb7 21. Qe2 Nc6 22. Nb5 Rfd8 23. Rfd1 Qa6 24. Rc2 d5 25. exd5 exd5 26. Nd4 Qxe2 27. Rxe2 Re8 28. Nxc6 Rxc6 29. Kf2 Rce6 30. Rdd2 d4 31. Bf4 Rd8 32. Rxe6 fxe6 33. Bg5 Rd7 34. f4 h6 35. Bh4 Rf7 36. Kg3 Kh7 37. Bd8 Rb7 38. Kf3 Kg8 39. Ke4 Kf7 40. Bh4 Ke8 41. Bf2 Ra7 42. Bxd4 Bxd4 43. Kxd4 Rc7 44. Ke5 Ke7 45. g4 Rc5+ 46. Ke4 g5 47. h3 Rc3 48. Rh2 Kf6 49. h4 gxf4 50. Kxf4 e5+ 51. Ke4 Rg3 52. g5+ hxg5 53. hxg5+ Rxg5 54. Rh6+ Ke7 55. Rb6 Kd7 56. Kd5 Rg2 57. Rb7+ Kc8 58.
Rxb4 Rxa2 59. Kxe5 Kc7 60. Kd5 Rd2+ 61. Kc5 Rh2 62.
Rd4 Rh5+ 63. Kb4 Kc6 64. Rc4+ Kb6 65. Rf4 Rb5+ 66. Kc3 Rc5+ 67. Kb2 Rd5 68. Ka3 Ra5+ 69. Kb2 Rd5 70. b4 Kb5 71. Kc3 Rh5 72. Rf3 Rg5 73. Re3 Rh5 74. Rf3 Re5 75. Rg3 Rf5 76. Rh3 Rg5 77.
Rf3 Re5 78. Rd3 Rg5 79. Rf3 Rd5 80. Rh3 Re5 81. Rg3 Rf5 82. Rh3 Rg5 83. Rf3 1/2-1/2